 Dungeon Crawl Stone Soup version 0.29-a0-384-g6960b1960d (webtiles) character file.

Game seed: 13533999147109977501

100 zeratav the Shooter (level 4, -1/26 HPs)
             Began as a Tengu Hunter on May 6, 2022.
             Slain by a gnoll
             ... wielding a +0 flail
              (10 damage)
             ... on level 2 of the Dungeon.
             The game lasted 00:03:09 (1412 turns).

zeratav the Shooter (Tengu Hunter)                  Turns: 1412, Time: 00:03:09

Health: -1/26      AC:  3    Str: 11    XL:     4   Next: 73%
Magic:  5/5        EV: 12    Int: 10    God:
Gold:   101        SH:  0    Dex: 19    Spells: 3/3 levels left

rFire   . . .      SeeInvis .   a - +1 shortbow {bow}
rCold   . . .      Faith    .   (shield currently unavailable)
rNeg    . . .      Spirit   .   b - +0 leather armour
rPois   .          Reflect  .   (helmet restricted)
rElec   .          Harm     .   (no cloak)
rCorr   .          Rampage  .   (no gloves)
Will    .....                   (boots unavailable)
Stlth   ++........              (no amulet)
HPRegen 0.08/turn               (no ring)
MPRegen 0.09/turn               (no ring)

@: no status effects
A: beak, talons 3
a: no special abilities


You were on level 2 of the Dungeon.
You visited 1 branch of the dungeon, and saw 2 of its levels.

You collected 101 gold pieces.


Innate Abilities, Weirdness & Mutations

You have a beak for a mouth.
You have claws for feet.


   Skills:
 - Level 2.0 Fighting
 + Level 6.5 Bows
 - Level 2.1 Dodging
 - Level 1.0 Stealth


You had 3 spell levels left.
You didn't know any spells.
Your spell library contained the following spells:

 Spells                   Type           Power      Damage    Failure   Level
 Frozen Ramparts          Ice            0%         1d2       83%         3
 Ice Form                 Ice/Tmut       0%         N/A       99%         4
 Summon Ice Beast         Ice/Summ       0%         N/A       99%         4

Inventory:

Hand Weapons
 a - a +1 shortbow (weapon) {bow}
 e - a +1 short sword of flaming {short}
   (You found it on level 1 of the Dungeon)
 f - a +2 whip of venom {mace}
   (You took it off a kobold on level 1 of the Dungeon)
Armour
 b - a +0 leather armour (worn)
 h - a +0 scale mail
   (You found it on level 1 of the Dungeon)
 m - a +0 leather armour
   (You found it on level 2 of the Dungeon)
Scrolls
 c - a scroll of immolation {!r!r}
 g - a scroll of amnesia {unknown}
 i - a scroll of poison {unknown}
 k - a scroll of magic mapping {unknown}
 n - a scroll of noise {unknown}
Potions
 d - a potion of attraction {unknown}
 j - a potion of haste {unknown}
 l - a potion of mutation {unknown}

Dungeon Overview and Level Annotations

Branches:
Dungeon (2/15)

Altars:

Shops:
D:2 *

Annotations:
D:2 1 runed translucent door, Crazy Yiuf

... #...#..
#)# #.#..##
#.#
###.##..#
######.###.#
#...###..
#..........#
#.#.#.##.
#.####g#####
##.#.+8.##
#J#
##....#...#
#g#
##.###.##...
#@# ##.##
#..##..
#.##.#
#.####.##
##..##.
#.##.#
#......#
##..##
#.##.#
######.##
##...#
#.##.# ##.##
##.....
#.##.#
#..###.####.
#######.##.#
#.#...## ##
#..).......#
#.##### #
#.##.......#
#.# ##


You could see 2 gnolls and an endoplasm.


Message History

You are not religious.
Unknown command.
You are too injured to fight recklessly!
You are too injured to fight recklessly!
You are too injured to fight recklessly!
Shoot: a) +1 shortbow {bow}
Press: ? - help, Q - select action Shift-Dir - straight line, f/p - quokka
Aim: a quokka (57% to hit)
You shoot an arrow. The arrow hits the quokka.
The quokka closely misses you.
Shoot: a) +1 shortbow {bow}
Press: ? - help, Q - select action Shift-Dir - straight line, f/p - quokka
Aim: a quokka (almost dead, 57% to hit)
You shoot an arrow.
The arrow hits the quokka but does no damage.
The quokka bites you. x2
HP[-3]
You take 3 damage, and now have 15/26 hp.
Shoot: a) +1 shortbow {bow}
Press: ? - help, Q - select action Shift-Dir - straight line, f/p - quokka
Aim: a quokka (almost dead, 57% to hit)
You shoot an arrow. The arrow hits the quokka!
You kill the quokka!
You see here an adder corpse.
n - a scroll labelled WAVU GUFEE A gnoll comes into view.
It is wielding a +0 club.
A gnoll comes into view. It is wielding a +0 flail.
HP[+11]
Your hp is fully restored (26).
There are monsters nearby!
You shoot an arrow. The gnoll shouts! x2
The arrow hits the gnoll!
You shoot an arrow. The arrow hits the gnoll.
A gnoll comes into view. It is wielding a +0 flail.
You shoot an arrow. The gnoll shouts!
The arrow hits the gnoll.
An endoplasm comes into view.
You shoot an arrow. The endoplasm quivers.
The arrow hits the gnoll.
You kill the gnoll!
The gnoll throws a throwing net.
The throwing net hits you.
You become entangled in the net!
A hobgoblin comes into view.
You struggle against the net.
You struggle against the net.
You tear a large gash into the net.
The gnoll barely misses you.
You shred the net and break free! The gnoll hits you with a +0 flail.
HP[-5]
You take 5 damage, and now have 21/26 hp.
The gnoll attacks as you move away! The gnoll hits you but does no damage.
The gnoll attacks as you move away! The gnoll hits you with a +0 flail.
HP[-5]
You take 5 damage, and now have 16/26 hp.
Shoot: a) +1 shortbow {bow}
Press: ? - help, Q - select action Shift-Dir - straight line, f - gnoll
Aim: a gnoll, wielding a +0 flail (69% to hit)
You shoot an arrow. The arrow hits the gnoll.
The gnoll barely misses you. x2
Shoot: a) +1 shortbow {bow}
Press: ? - help, Q - select action Shift-Dir - straight line, f/p - gnoll
Aim: a gnoll, wielding a +0 flail (heavily wounded, 69% to hit)
You shoot an arrow. The arrow barely misses the gnoll.
The arrow hits the gnoll.
The gnoll hits you with a +0 flail.
* * * LOW HITPOINT WARNING * * *
HP[-3]
You take 3 damage, and now have 13/26 hp.
Shoot: a) +1 shortbow {bow}
Press: ? - help, Q - select action Shift-Dir - straight line, f/p - gnoll
Aim: a gnoll, wielding a +0 flail (heavily wounded, 69% to hit)
You shoot an arrow. The arrow closely misses the gnoll.
The arrow completely misses the gnoll.
The arrow hits the hobgoblin!
You kill the hobgoblin!
The gnoll closely misses you.
Shoot: a) +1 shortbow {bow}
Press: ? - help, Q - select action Shift-Dir - straight line, f/p - gnoll
Aim: a gnoll, wielding a +0 flail (heavily wounded, 69% to hit)
You shoot an arrow. The arrow hits the gnoll!
You kill the gnoll!
You hear a shout!
A gnoll comes into view. It is wielding a +0 flail.
Shoot: a) +1 shortbow {bow}
Press: ? - help, Q - select action Shift-Dir - straight line, f - gnoll
Aim: a gnoll, wielding a +0 flail (lightly wounded, 69% to hit)
You shoot an arrow. The arrow hits the gnoll.
The gnoll misses you. The gnoll hits you with a +0 flail.
* * * LOW HITPOINT WARNING * * *
Shoot: a) +1 shortbow {bow}
Press: ? - help, Q - select action Shift-Dir - straight line, f/p - gnoll
Aim: a gnoll, wielding a +0 flail (moderately wounded, 69% to hit)
You shoot an arrow. The arrow completely misses the gnoll.
The arrow barely misses the endoplasm.
The arrow closely misses the gnoll.
The gnoll hits you with a +0 flail!
You die...

Skill      XL: |  1  2  3 |
---------------+----------+-----
Bows           | 5 6 |  6.5
Fighting       | |  2.0
Dodging        | |  2.1
Stealth        | |  1.0

Action                   |  1- 3 |  4- 6 || total
-------------------------+-------+-------++-------
 Fire: Shortbow          |    91 |    38 ||   129
Armor: Leather armour    |     2 |     4 ||     6
Dodge: Dodged            |     8 |    12 ||    20

Levels and vault maps discovered:
D:1:      dpeg_arrival_pond, layout_basic, hangedman_decor_riveting
D:2:      layout_loops_ring, ebering_ecumenical_altar_box, serial_shops, shop,
          minmay_misc_feat_square, grunt_decor_arrowhead,
          uniq_crazy_yiuf_cottage

Notes
Turn   | Place    | Note
-------+----------+-------------------------------------------
     0 | D:1      | zeratav the Tengu Hunter began the quest for the Orb.
     0 | D:1      | Reached XP level 1. HP: 12/12 MP: 2/2
     0 | D:1      | magus.rc [v1.9.6]
   134 | D:1      | Reached XP level 2. HP: 17/17 MP: 3/3
   159 | D:1      | Reached skill level 5 in Bows
   207 | D:1      | You pick up a book of Rime and begin reading...
   207 | D:1      | You add the spells Frozen Ramparts, Ice Form and Summon Ice
                  | Beast to your library.
   498 | D:1      | Reached XP level 3. HP: 21/21 MP: 4/4
  1092 | D:2      | Reached skill level 6 in Bows
  1102 | D:2      | Reached XP level 4. HP: 26/26 MP: 5/5
  1115 | D:2      | Found Iserugure's General Store.
  1159 | D:2      | Found a runed translucent door.
  1160 | D:2      | Noticed Crazy Yiuf
  1412 | D:2      | Slain by a gnoll

Vanquished Creatures
  2 gnolls (D:2)
  An adder (D:2)
  3 worms (D:2)
  2 dart slugs (D:1)
  2 ball pythons (D:1)
  5 bats
  7 endoplasms
  3 giant cockroaches
  3 goblins
  7 hobgoblins
  4 jackals (D:2)
  4 quokkas
  A frilled lizard (D:1)
  5 kobolds
  A rat (D:1)
50 creatures vanquished.

Table legend:
 A = Non-vault XP
 B = Vault XP
 C = Vault XP percentage of total XP
 D = Non-vault monster count
 E = Vault monster count
 F = Vault count percentage of total count
                 A         B        C        D         E       F
            +---------+---------+-------+---------+---------+-------
      Total |     143 |       0 |   0.0 |      50 |       0 |   0.0
            +---------+---------+-------+---------+---------+-------
        D:1 |      56 |       0 |   0.0 |      28 |       0 |   0.0
        D:2 |      87 |       0 |   0.0 |      22 |       0 |   0.0
            +---------+---------+-------+---------+---------+-------

Illustrated notes

Table legend:
 A = Kills in this place as a percentage of kills in entire the game.
 B = Kills by you in this place as a percentage of kills by you in the entire game.
 C = Kills by friends in this place as a percentage of kills by friends in the entire game.
 D = Other kills in this place as a percentage of other kills in the entire game.
 E = Experience gained in this place as a percentage of experience gained in the entire game.
 F = Experience gained in this place divided by the number of levels of this place that you have seen.
                   A       B       C       D       E      F
               +-------+-------+-------+-------+-------+----------------------
         Total | 100.0 | 100.0 |   N/A |   N/A | 100.0 |  71.5
       Dungeon | 100.0 | 100.0 |   N/A |   N/A | 100.0 |  71.5
               +-------+-------+-------+-------+-------+----------------------

Table legend: (Time is in decaauts)
 A = Elapsed time spent in this place.
 B = Non-inter-level travel time spent in this place.
 C = Inter-level travel time spent in this place.
 D = Time resting spent in this place.
 E = Time spent auto-exploring this place.
 F = Levels seen in this place.
 G = Mean time per level.
                   A        B        C        D        E       F      G
               +--------+--------+--------+--------+--------+-----+--------+
         Total |   1445 |   1398 |     47 |      0 |   1164 |   2 |  722.5 |
       Dungeon |   1445 |   1398 |     47 |      0 |   1164 |   2 |  722.5 |
               +--------+--------+--------+--------+--------+-----+--------+

Top non-repeatable levels by time:
     D:1: 907 daAuts
     D:2: 538 daAuts
